 Dungeon Crawl Stone Soup version 0.26-a0-1002-g7355149c4d (webtiles) character file.

Game seed: 12880046978897472301

1641 sahdkjhfkaj the Slicer (level 9, -4/54 HPs)
             Began as a Kobold Brigand on Dec 6, 2020.
             Splashed by a jelly's acid (9 damage)
             ... on level 6 of the Dungeon.
             The game lasted 00:17:35 (8256 turns).

sahdkjhfkaj the Slicer (Kobold Brigand)             Turns: 8256, Time: 00:17:35

Health: -4/54      AC: -9    Str: 11    XL:     9   Next: 18%
Magic:  10/10      EV: 18    Int: 12    God:
Gold:   377        SH:  0    Dex: 17    Spells: 8/8 levels left

rFire    . . .     SeeInvis .   a - +0 dagger (flame)
rCold    + . .     Faith    .   (shield restricted)
rNeg     . . .     Spirit   .   n - +0 robe {rC+}
rPois    +         Reflect  .   y - +1 helmet
rElec    .         Harm     .   m - +0 cloak
rCorr    .         Rampage  .   (no gloves)
Will     .....                  f - +0 pair of boots
Stlth    +++++.....             (no amulet)
HPRegen  0.18/turn              v - ring of poison resistance
MPRegen  0.12/turn              (no ring)

@: corroded
A: small, nightstalker 3
a: no special abilities


You were on level 6 of the Dungeon.
You visited 1 branch of the dungeon, and saw 6 of its levels.

You collected 377 gold pieces.

Inventory:

Hand Weapons
 a - a +0 dagger of flaming (weapon)
Missiles
 d - 8 poisoned darts (quivered)
 e - 2 curare-tipped darts
 p - 2 throwing nets
Armour
 f - a +0 pair of boots (worn)
 m - a +0 cloak (worn)
 n - a +0 robe of cold resistance (worn)
 y - a +1 helmet (worn)
Jewellery
 v - a ring of poison resistance (left hand)
Wands
 q - a wand of random effects (13)
 z - a wand of digging (7)
Scrolls
 b - 3 scrolls of magic mapping
 g - 4 scrolls of identify
 h - a scroll of immolation
 j - 7 scrolls of remove curse
 l - a scroll of fog
 r - 2 scrolls of teleportation
 t - a scroll of fear
 w - 3 scrolls of enchant armour
 A - a scroll of blinking {unknown}
Potions
 c - a potion of haste {unknown}
 i - 2 potions of ambrosia
 k - 4 potions of lignification
 o - 2 potions of flight
 s - a potion of heal wounds
 u - 4 potions of curing
 x - a potion of mutation


   Skills:
 - Level 5.0 Fighting
 - Level 8.0 Short Blades
 + Level 4.4 Throwing
 - Level 3.0 Armour
 - Level 5.0 Dodging
 - Level 7.0 Stealth
 - Level 2.0 Shields
 - Level 2.0 Invocations
 - Level 2.0 Evocations


You had 8 spell levels left.
You didn't know any spells.
Your spell library contained the following spells:

 Spells                   Type           Power        Failure   Level
 Animate Skeleton         Necr           #.....       32%         1
 Pain                     Necr           #...         32%         1
 Vampiric Draining        Necr           #.........   69%         3
 Animate Dead             Necr           #.........   97%         4
 Agony                    Necr           #.......     100%        5


Dungeon Overview and Level Annotations

Branches:
Dungeon (6/15)
 Temple: D:4-7

Altars:
Nemelex Xobeh
Qazlal
Ru
Wu Jian
Xom
Zin

Shops:
D:4 =

Annotations:
D:6 exclusion: oklob plant


Innate Abilities, Weirdness & Mutations

You are small and have problems with some larger weapons.
You are completely attuned to the shadows.


Message History

You barely miss the ooze.
The ooze is lightly wounded.
The ooze misses you.
You hit the ooze. You burn the ooze.
The ooze is moderately wounded.
The ooze hits you but does no damage.
You hit the ooze. You burn the ooze.
The ooze is severely wounded.
You barely miss the ooze.
The ooze is severely wounded.
The ooze closely misses you.
You hit the ooze. You burn the ooze.
You kill the ooze!
No target in view!
No target in view!
No target in view!
A jelly comes into view.
A jelly is nearby!
A jelly is nearby!
The jelly quivers.
You hit the jelly. You burn the jelly.
Your hands burn!
The jelly is moderately wounded.
You hit the jelly. You burn the jelly. The acid corrodes you!
Your hands burn!
The jelly is heavily wounded.
The jelly hits you but does no damage.
You hit the jelly but do no damage. The acid corrodes you!
Your hands burn!
The jelly is heavily wounded.
The jelly closely misses you.
You hit the jelly. You burn the jelly.
Your hands burn!
The jelly is severely wounded.
You hit the jelly but do no damage.
Your hands burn!
The jelly is severely wounded.
The jelly misses you.
You hit the jelly. You burn the jelly. The acid corrodes you!
Your hands burn!
The jelly is almost dead.
You hit the jelly but do no damage.
Your hands burn!
The jelly is almost dead.
The jelly hits you.
You are splashed with acid!
You are too injured to fight recklessly!
You are too injured to fight recklessly!
You are too injured to fight recklessly!
You are too injured to fight recklessly!
You are too injured to fight recklessly!
A jelly is nearby!
You hit the jelly but do no damage.
Your hands burn!
The jelly is almost dead.
The jelly closely misses you.
You hit the jelly but do no damage.
Your hands burn!
* * * LOW HITPOINT WARNING * * *
The jelly is almost dead.
You hit the jelly but do no damage.
Your hands burn!
* * * LOW HITPOINT WARNING * * *
The jelly is almost dead.
The jelly closely misses you.
You barely miss the jelly.
The jelly is almost dead.
The jelly closely misses you. The jelly misses you.
You hit the jelly but do no damage.
Your hands burn!
* * * LOW HITPOINT WARNING * * *
The jelly is almost dead.
The jelly barely misses you. The jelly misses you.
You hit the jelly but do no damage. The acid corrodes you!
Your hands burn!
* * * LOW HITPOINT WARNING * * *
The jelly is almost dead.
You hit the jelly but do no damage.
Your hands burn!
* * * LOW HITPOINT WARNING * * *
The jelly is almost dead.
The jelly misses you.
You are no longer corroded.
An ooze comes into view.
The ooze barely misses you.
You hit the ooze. You burn the ooze.
The ooze is moderately wounded.
You hit the ooze but do no damage.
The ooze is moderately wounded.
The ooze misses you.
You hit the ooze. You burn the ooze.
The ooze is heavily wounded.
The ooze closely misses you.
You hit the ooze but do no damage.
The ooze is heavily wounded.
You hit the ooze but do no damage.
The ooze is heavily wounded.
The ooze barely misses you.
You hit the ooze. You burn the ooze.
The ooze is almost dead.
You hit the ooze. You burn the ooze.
You kill the ooze!
Training target 5.0 for Fighting reached!
Your Fighting skill increases to level 5!
You need to enable at least one skill for training.
You hit the jelly. You burn the jelly.
Your hands burn!
* * * LOW HITPOINT WARNING * * *
The jelly is almost dead.
You hit the jelly. You burn the jelly.
You kill the jelly!
You start resting.
A jelly is nearby!
The jelly quivers.
You hit the jelly but do no damage.
Your hands burn!
You hit the jelly. You burn the jelly.
Your hands burn!
The jelly is lightly wounded.
The jelly barely misses you.
You hit the jelly. You burn the jelly. The acid corrodes you!
Your hands burn!
* * * LOW HITPOINT WARNING * * *
The jelly is moderately wounded.
You hit the jelly. You burn the jelly.
Your hands burn!
* * * LOW HITPOINT WARNING * * *
The jelly is heavily wounded.
The jelly completely misses you.
You hit the jelly but do no damage.
Your hands burn!
* * * LOW HITPOINT WARNING * * *
The jelly is heavily wounded.
The jelly jiggles.
The jelly closely misses you.
You hit the jelly but do no damage. The acid corrodes you!
Your hands burn!
* * * LOW HITPOINT WARNING * * *
The jelly is heavily wounded.
You feel much better. The jelly misses you.
The ooze quivers.
The ooze completely misses you. The jelly barely misses you.
You are no longer corroded.
You hit the jelly. You burn the jelly.
Your hands burn!
The jelly is moderately wounded.
Press: ? - help, v - describe, . - travel
Here: a jelly (moderately wounded)
The floor.
Evoke which item? (* to show all) (? for menu, Esc to quit)
Aiming: Random Effects
Press: ? - help, Shift-Dir - straight line, f - jelly
Aim: a jelly (moderately wounded)
The fireball explodes!
The fireball engulfs the jelly!
You kill the jelly!
The fireball engulfs you!
* * * LOW HITPOINT WARNING * * *
Items here: )) [[.
You see here a +0 trident.
There is an escape hatch in the ceiling here.
A mysterious force pulls you upwards. The hatch slams shut behind you.
You start resting.
HP restored.
Key pressed, stopping travel.
You can't go down here!
Done exploring.
Done exploring.
There is a stone staircase leading down here.
You climb downwards.
Level annotation: exclusion: oklob plant
There is a stone staircase leading up here.
A jelly is nearby!
A jelly is nearby!
A jelly is nearby!
The jelly quivers.
The jelly hits you. The acid corrodes you!
You are splashed with acid!
A jelly is nearby!
You hit the jelly. You burn the jelly.
Your hands burn!
The jelly is lightly wounded.
The jelly misses you.
You hit the jelly. You burn the jelly.
Your hands burn!
The jelly is moderately wounded.
The jelly hits you but does no damage.
You hit the jelly. You burn the jelly. The acid corrodes you!
Your hands burn!
The jelly is heavily wounded.
You hit the jelly. You burn the jelly. The acid corrodes you!
Your hands burn!
The jelly is severely wounded.
The jelly hits you.
You are splashed with acid!
You are too injured to fight recklessly!
You are too injured to fight recklessly!
You are too injured to fight recklessly!
You are too injured to fight recklessly!
You are too injured to fight recklessly!
You are too injured to fight recklessly!
You are too injured to fight recklessly!
You are too injured to fight recklessly!
You are too injured to fight recklessly!
You are too injured to fight recklessly!
You are too injured to fight recklessly!
You hit the jelly but do no damage.
Your hands burn!
The jelly is severely wounded.
You hit the jelly but do no damage.
Your hands burn!
* * * LOW HITPOINT WARNING * * *
The jelly is severely wounded.
The jelly misses you.
You hit the jelly but do no damage.
Your hands burn!
* * * LOW HITPOINT WARNING * * *
The jelly is severely wounded.
The jelly barely misses you.
You hit the jelly but do no damage. The acid corrodes you!
Your hands burn!
* * * LOW HITPOINT WARNING * * *
The jelly is severely wounded.
You hit the jelly but do no damage.
Your hands burn!
* * * LOW HITPOINT WARNING * * *
The jelly is severely wounded.
The jelly hits you.
* * * LOW HITPOINT WARNING * * *
You are splashed with acid!
You die...

.##.##.#.######.###########.###.#
.................................
....................[............
######.######.#######.#####.###.#
# #.# #...<....#.# #.###.#
######.#####..##.##.#.# #.#....
....................#.# #.###.#
###.......##..##.##.#.# #.# #.#
..........##..##@.....#####.# #.#
###.......##.).J............# ###
..........###.#######.####### #
..).......# #.........# .J#
..........# #########.#####


PJJ ...######## #........[....# PJJ ######### #.#######.###.# .J.
#.......#####.# #.# #.# .J# #..........##.#######.###.####### You could see a
jelly.

Vanquished Creatures
  Sigmund (D:5)
  Edmund (D:5)
  An orc warrior (D:6)
  A sky beast (D:5)
  A phantom (D:5)
  An ogre (D:4)
  A centaur (D:6)
  A bullfrog (D:5)
  A howler monkey (D:6)
  A hound (D:4)
  2 orc priests (D:6)
  Crazy Yiuf (D:2)
  A bullfrog skeleton (D:6)
  7 jellies (D:6)
  2 iguanas
  Jessica (D:2)
  3 orc wizards
  2 worker ants (D:4)
  A hound zombie (D:6)
  A gnoll (D:1)
  6 adders
  A shadow imp (D:5)
  A white imp (D:6)
  An ufetubus (D:6)
  12 oozes
  A worm (D:2)
  A dart slug (D:1)
  4 leopard geckos
  14 orcs
  3 giant cockroaches
  9 goblins
  11 hobgoblins
  18 jackals
  3 kobolds
  4 quokkas
  A ball python (D:1)
  3 bats
  4 frilled lizards
  8 rats
136 creatures vanquished.

Vanquished Creatures (others)
  4 fungi (D:6)
4 creatures vanquished.

Grand Total: 140 creatures vanquished

Notes
Turn   | Place    | Note
-------+----------+-------------------------------------------
     0 | D:1      | sahdkjhfkaj the Kobold Brigand began the quest for the Orb.
     0 | D:1      | Reached XP level 1. HP: 12/12 MP: 1/1
    90 | D:1      | Reached skill level 3 in Short Blades
   348 | D:1      | Reached XP level 2. HP: 17/17 MP: 2/2
   415 | D:1      | Reached skill level 4 in Short Blades
   415 | D:1      | Reached XP level 3. HP: 17/21 MP: 3/3
   637 | D:1      | Reached skill level 1 in Armour
   977 | D:2      | Reached XP level 4. HP: 27/27 MP: 4/4
  1075 | D:2      | Noticed Jessica
  1090 | D:2      | Killed Jessica
  1255 | D:2      | Reached XP level 5. HP: 32/32 MP: 5/5
  1543 | D:2      | Found a sparkling altar of Nemelex Xobeh.
  1642 | D:2      | Found a runed translucent door.
  1645 | D:2      | Noticed Crazy Yiuf
  1650 | D:2      | Killed Crazy Yiuf
  1651 | D:2      | Reached skill level 1 in Shields
  2359 | D:3      | Reached skill level 5 in Short Blades
  2421 | D:3      | Reached XP level 6. HP: 37/37 MP: 6/6
  3055 | D:4      | Found a stormy altar of Qazlal.
  3083 | D:4      | Found a shimmering altar of Xom.
  3180 | D:4      | Reached skill level 6 in Short Blades
  3612 | D:4      | Found a sacrificial altar of Ru.
  3752 | D:4      | Found Puhuw's Jewellery Emporium.
  3796 | D:4      | Reached skill level 1 in Evocations
  3796 | D:4      | Reached XP level 7. HP: 17/41 MP: 7/7
  4179 | D:5      | Entered Level 5 of the Dungeon
  4220 | D:5      | Noticed Edmund
  4224 | D:5      | Killed Edmund
  4225 | D:5      | Reached skill level 7 in Short Blades
  4238 | D:5      | Noticed Sigmund
  4240 | D:5      | Killed Sigmund
  4291 | D:5      | Reached XP level 8. HP: 48/48 MP: 8/8
  4719 | D:5      | Found an ornate altar of the Wu Jian Council.
  5222 | D:6      | Reached skill level 1 in Invocations
  5544 | D:6      | Reached skill level 8 in Short Blades
  5775 | D:6      | Found a glowing silver altar of Zin.
  6456 | D:6      | Reached skill level 5 in Dodging
  6657 | D:6      | Reached XP level 9. HP: 18/52 MP: 10/10
  6960 | D:6      | Noticed an oklob plant
  7849 | D:6      | Reached skill level 5 in Fighting
  8256 | D:6      | Splashed by a jelly's acid

Illustrated notes

Levels and vault maps discovered:
D:1:      dpeg_arrival_yet_another_circle, layout_basic
D:2:      layout_loops_ring, general_overflow_altar, uniq_jessica,
          uniq_crazy_yiuf_cottage
D:3:      layout_rooms
D:4:      layout_gridville, grunt_temple_overflow_open,
          nicolae_qazlal_general_emergency, serial_glass, glass_columns_a,
          glass_columns_a, glass_columns_b, glass_columns_a, glass_columns_a,
          serial_shops, shop_fountains
D:5:      layout_gridville, nicolae_overflow_crystal_walls,
          sigmund_edmund_badplayer, uniq_sigmund
D:6:      lemuel_slime, layout_basic, lemuel_coloured_pillars_altar

Skill      XL: |  1  2  3  4  5  6  7  8  9 |
---------------+----------------------------+-----
Short Blades   | 3 4 5 6 7 8 |  8.0
Dodging        | 2 3 4 5 |  5.0
Armour         | 1 2 3 |  3.0
Fighting       | 3 4 5 |  5.0
Throwing       | 3 4 |  4.4
Stealth        | 6 7 |  7.0
Shields        | 1 2 |  2.0
Evocations     | 1 2 |  2.0
Invocations    | 2 |  2.0

Action                   |  1- 3 |  4- 6 |  7- 9 || total
-------------------------+-------+-------+-------++-------
Melee: Dagger            |    95 |   249 |   319 ||   663
Throw: Dart              |       |     4 |    11 ||    15
Evoke: Wand              |       |       |     1 ||     1
  Use: Potion            |     1 |       |     1 ||     2
       Scroll            |     2 |     8 |     2 ||    12
 Stab: Sleeping          |    10 |    20 |    14 ||    44
       Distracted        |       |     3 |       ||     3
Armor: Robe              |    16 |    49 |    28 ||    93
Dodge: Dodged            |    60 |   207 |   170 ||   437

Table legend: (Time is in decaauts)
 A = Elapsed time spent in this place.
 B = Non-inter-level travel time spent in this place.
 C = Inter-level travel time spent in this place.
 D = Time resting spent in this place.
 E = Time spent auto-exploring this place.
 F = Levels seen in this place.
 G = Mean time per level.
                   A        B        C        D        E       F      G
               +--------+--------+--------+--------+--------+-----+--------+
         Total |   8053 |   7844 |    209 |   1297 |   5160 |   6 | 1342.2 |
       Dungeon |   8053 |   7844 |    209 |   1297 |   5160 |   6 | 1342.2 |
               +--------+--------+--------+--------+--------+-----+--------+

Top non-repeatable levels by time:
     D:6: 2701 daAuts
     D:4: 1727 daAuts
     D:5: 1105 daAuts
     D:2: 1063 daAuts
     D:1: 921 daAuts
     D:3: 533 daAuts
